Map: Lightshade LE

Players

Has

  • Race: Protoss Protoss

Nice - Winner!

  • Race: Protoss Protoss
  • League: Grandmaster

Event: DreamHack SC2 Masters 2021 Summer

VOD

Have the link to the VOD?

Description

Time

  • Played on: May 22, 2021, 9:50 a.m.
  • Length: 11:56

All games in this series

Show
View Real Time Build Order
Export as new Build Order

Has Protoss 

Build Orders: Blink Stalkers, Dark Templar Rush 

Get SALT Encoding   

  12  0:00  Probe  
  13  0:12  Probe  
  14  0:16  Pylon  
  14  0:24  Probe (Chrono Boost)  
  14  0:27  Assimilator  
  16  0:36  Probe (Chrono Boost)  
  16  0:42  Gateway  
  16  0:44  Probe (Chrono Boost)  
  17  0:55  Probe (Chrono Boost)  
  17  0:56  Assimilator  
  18  1:07  Probe (Chrono Boost)  
  19  1:11  Gateway  
  19  1:14  Probe (Chrono Boost)  
  20  1:21  Probe  
  21  1:29  Cybernetics Core  
  21  1:32  Pylon  
  21  1:33  Probe  
  22  1:46  Probe  
  23  1:58  Probe  
  24  2:05  Stalker x2  
  24  2:07  Warp Gate  
  24  2:08  Pylon  
  28  2:11  Probe  
  29  2:19  Pylon  
  29  2:35  Stalker x2  
  33  2:43  Twilight Council  
  32  2:46  Probe  
  33  2:58  Probe  
  34  3:11  Sentry  
  37  3:19  Nexus  
  36  3:27  Dark Shrine  
  36  3:30  Probe  
  36  3:40  Pylon  
  36  3:44  Blink (Chrono Boost)  
  36  3:47  Pylon  
  37  3:55  Probe  
  37  4:02  Shield Battery  
  37  4:07  Probe  
  38  4:19  Probe  
  39  4:31  Probe  
  39  4:33  Pylon  
  39  4:34  Shield Battery  
  40  4:41  Sentry  
  44  4:47  Dark Templar  
  44  4:52  Gateway  
  44  4:57  Pylon  
  44  4:59  Shield Battery  
  42  5:05  Dark Templar  
  42  5:07  Probe  
  45  5:09  Probe  
  46  5:19  Probe  
  45  5:21  Probe  
  45  5:31  Probe  
  45  5:32  Gateway  
  44  5:39  Stalker  
  43  5:49  Stalker  
  44  5:51  Probe  
  38  6:05  Stalker  
  38  6:07  Pylon  
  39  6:21  Gateway  
  39  6:29  Stalker  
  39  6:30  Stalker  
  41  6:34  Probe  
  43  6:51  Pylon  
  43  6:52  Stalker  
  43  6:53  Stalker  
  43  6:54  Probe  
  47  7:15  Stalker x2  
  47  7:16  Stalker  
  51  7:38  Pylon  
  51  7:39  Stalker x2  
  49  8:02  Stalker x3  
  47  8:39  Nexus  
  47  8:47  Sentry  
  49  8:49  Sentry  
  52  8:59  Sentry  
  52  9:07  Robotics Facility  
  51  9:11  Probe  
  53  9:31  Probe  
  51  9:44  Probe (Chrono Boost)  
  52  9:46  Sentry x2  
  52  9:51  Probe (Chrono Boost), Pylon  
  57  9:55  Observer (Chrono Boost)  
  60  10:01  Probe x2 (Chrono Boost)  
  60  10:09  Immortal (Chrono Boost)  
  64  10:14  Probe  
  64  10:16  Probe  
  66  10:33  Pylon  
  66  10:40  Shield Battery  
  66  10:41  Observer (Chrono Boost)  
  66  10:42  Immortal (Chrono Boost)  
  69  10:45  Shield Battery  
  69  10:46  Pylon  
  68  10:50  Probe x2  
  68  10:52  Immortal (Chrono Boost)  
  68  10:54  Assimilator  
  73  11:03  Stalker x2  
  77  11:14  Shield Battery  
  77  11:15  Shield Battery  
  65  11:35  Stalker x2  
Show
View Real Time Build Order
Export as new Build Order

Nice Protoss - Winner!

Build Orders:  

Get SALT Encoding   

  12  0:00  Probe  
  13  0:12  Probe  
  14  0:17  Pylon  
  14  0:24  Probe  
  15  0:35  Gateway  
  15  0:37  Probe (Chrono Boost)  
  16  0:46  Probe (Chrono Boost), Assimilator  
  17  0:51  Assimilator  
  17  0:54  Probe (Chrono Boost)  
  18  1:06  Probe (Chrono Boost)  
  18  1:08  Gateway  
  19  1:14  Probe (Chrono Boost)  
  20  1:20  Probe  
  20  1:25  Cybernetics Core  
  21  1:32  Probe  
  21  1:36  Pylon  
  22  1:45  Probe  
  23  1:54  Gateway  
  23  2:01  Stalker  
  25  2:06  Warp Gate  
  25  2:07  Stalker  
  27  2:19  Pylon  
  27  2:30  Stalker  
  29  2:37  Stalker  
  30  2:46  Robotics Facility  
  30  2:48  Gateway  
  30  2:52  Pylon  
  30  3:00  Stalker  
  32  3:10  Probe, Stalker  
  35  3:29  Warp Prism (Chrono Boost), Shield Battery  
  37  3:42  Pylon  
  37  3:56  Sentry  
  37  4:00  Observer, Stalker  
  37  4:01  Stalker  
  44  4:07  Pylon  
  44  4:22  Stalker  
  46  4:25  Stalker  
  46  4:28  Sentry  
  46  4:31  Stalker  
  50  4:57  Stalker x2  
  54  5:00  Pylon  
  54  5:16  Observer (Chrono Boost)  
  49  5:22  Stalker x3  
  49  5:28  Pylon  
  55  5:39  Pylon  
  53  6:00  Observer  
  53  6:02  Nexus  
  53  6:08  Shield Battery  
  53  6:09  Sentry  
  53  6:10  Sentry  
  57  6:20  Probe  
  58  6:31  Observer  
  58  6:33  Immortal (Chrono Boost)  
  58  6:35  Probe  
  63  6:48  Pylon  
  63  6:49  Probe  
  64  7:03  Immortal (Chrono Boost)  
  64  7:08  Pylon  
  68  7:10  Probe  
  68  7:14  Probe  
  70  7:26  Stalker  
  72  7:31  Stalker  
  72  7:33  Observer, Probe  
  75  7:38  Sentry  
  75  7:39  Probe  
  78  7:49  Pylon  
  76  8:04  Zealot  
  78  8:07  Zealot  
  78  8:10  Immortal (Chrono Boost)  
  78  8:11  Stalker  
  80  8:15  Probe  
  80  8:17  Observer  
  71  8:29  Probe x2  
  69  8:39  Immortal (Chrono Boost)  
  73  8:41  Probe x2  
  73  8:44  Sentry x2  
  79  8:51  Twilight Council  
  79  8:53  Observer  
  80  8:59  Assimilator  
  80  9:02  Probe x2  
  81  9:03  Assimilator  
  81  9:13  Observer (Chrono Boost)  
  82  9:17  Gateway  
  82  9:22  Gateway  
  82  9:23  Pylon  
  82  9:33  Charge (Chrono Boost)  
  80  9:44  Gateway  
  80  9:45  Gateway x2  
  78  9:59  Observer  
  78  10:00  Templar Archives, Warp Prism (Chrono Boost)  
  80  10:17  Zealot x3  
  86  10:24  Observer, Zealot  
  86  10:25  Zealot  
  90  10:29  Pylon  
  90  10:37  Observer, Shield Battery  
  90  10:38  Observer  
  90  10:47  High Templar x4  
  90  10:48  Zealot  
  100  10:52  Archon  
  100  10:55  Archon  
  99  11:01  Adept  
  101  11:05  Zealot x2  
  101  11:09  Probe  
  102  11:26  Zealot x5  
Tags
 
Add a new tag
Caveats
  • Supply blocks, unpowered buildings, or Contaminate may cause inaccurate times.
  • Supply counts are checked every 10 seconds.